 Dungeon Crawl Stone Soup version 0.31-a0-1002-g8e65716e6e (webtiles) character file.

Game seed: 5257265302346717782

5471 BinkBink the Blocker (level 10, 0/65 HPs)
             Began as a Gargoyle Fighter on Nov 10, 2023.
             Was a High Priest of Okawaru.
             Slain by a troll (1 damage)
             ... on level 9 of the Dungeon.
             The game lasted 00:11:46 (8952 turns).

BinkBink the Blocker (Gargoyle Fighter)             Turns: 8952, Time: 00:11:47

Health: 0/65       AC: 30    Str: 24    XL:     10   Next: 69%
Magic:  15/15      EV:  7    Int:  9    God:    Okawaru [*****.]
Gold:   639        SH:  5    Dex:  9    Spells: 9/9 levels left

rFire   . . .        H - +2 mace (protect)
rCold   . . .        c - +0 buckler
rNeg    + . .        C - +0 plate armour
rPois   ∞            l - +0 helmet
rElec   +            (no cloak)
rCorr   .            (no gloves)
SInv    .            f - +0 pair of boots
Will    .....        x - amulet of regeneration Stlth
                     (no ring)
HPRegen 1.10/turn    (no ring)
MPRegen 0.14/turn

%: no passive effects
@: mighty, under a protective aura
A: sickness immunity, AC +7, negative energy resistance 1, electricity
resistance, torment resistance 1, petrification resistance
a: Renounce Religion, Heroism, Finesse, Duel


You were on level 9 of the Dungeon.
You worshipped Okawaru.
Okawaru was extremely pleased with you.
You visited 2 branches of the dungeon, and saw 10 of its levels.

You collected 639 gold pieces.

Inventory:

Hand Weapons
 a - a +0 war axe
 H - a +2 mace of protection (weapon)
 L - a +1 hand axe of freezing
Missiles
 b - 2 throwing nets
Armour
 c - a +0 buckler (worn)
 f - a +0 pair of boots (worn)
 l - a +0 helmet (worn)
 C - a +0 plate armour (worn)
Jewellery
 j - a ring of ice
 v - a ring of ice
 x - an amulet of regeneration (around neck)
 E - a ring of wizardry
Wands
 m - a wand of iceblast (22)
 G - a wand of paralysis (9)
 I - a wand of digging (7)
Scrolls
 h - 7 scrolls of identify {unknown}
 i - 2 scrolls of teleportation {unknown}
 k - 2 scrolls of poison {unknown}
 o - 2 scrolls of enchant armour {unknown}
 p - a scroll of amnesia {unknown}
 s - a scroll of revelation {unknown}
 t - a scroll of vulnerability {unknown}
 y - 2 scrolls of blinking {unknown}
 B - 2 scrolls of noise {unknown}
 F - a scroll of acquirement {unknown}
 J - a scroll of fear {unknown}
Potions
 e - 4 potions of brilliance {unknown}
 g - a potion of invisibility {unknown}
 n - 3 potions of heal wounds {unknown}
 q - a potion of enlightenment {unknown}
 r - 2 potions of attraction {unknown}
 u - a potion of degeneration {unknown}
 w - a potion of curing {unknown}
 z - 2 potions of mutation {unknown}
 A - a potion of magic {unknown}
 D - a potion of berserk rage {unknown}
 K - a potion of lignification {unknown}


   Skills:
 + Level 8.4 Fighting
 + Level 6.7 Axes
 + Level 8.4 Armour
 + Level 8.4 Shields
 + Level 7.2 Invocations


You had 9 spell levels left.
You didn't know any spells.
Your spell library contained the following spells:

 Spells                   Type           Power      Damage    Failure   Level
 Ensorcelled Hibernation  Hex/Ice        0%         N/A       100%        2
 Jinxbite                 Hex            0%         N/A       100%        2
 Anguish                  Hex/Necr       0%         N/A       100%        4
 Alistair's Intoxication  Tmut/Pois      0%         N/A       100%        5
 Borgnjor's Vile Clutch   Necr/Erth      0%         N/A       100%        5
 Eringya's Noxious Bog    Tmut/Pois      0%         4d6       100%        6


Dungeon Overview and Level Annotations

Branches:
Dungeon (9/15)             Temple (1/1) D:7
   Lair: D:8-11         Orc: D:9-12

Altars:
Ashenzari
Cheibriados
Dithmenos
Elyvilon
Fedhas
Gozag
Hepliaklqana
Kikubaaqudgha
Makhleb
Nemelex Xobeh
Okawaru
Qazlal
Ru
Sif Muna
Trog
Uskayaw
Vehumet
Wu Jian
Xom
Yredelemnul
Zin
The Shining One

Shops:
D:2 :

Annotations:
D:3 2 runed translucent doors, Nedwor's ghost, amateur OpFi


Innate Abilities, Weirdness & Mutations

You are immune to sickness and miasma.
Your stone body is resilient. (AC +7)
You are immune to poison.
You resist negative energy. (rN+)
You are resistant to electric shocks. (rElec)
You are resistant to unholy torment.
You are immune to petrification.


Message History

You hit the troll.
The troll is lightly wounded.
The troll bites you but does no damage. The troll claws you!
You block the troll's attack. The troll attacks as it pursues you!
The troll barely misses you. The troll claws you but does no damage.
You block the troll's attack. The troll attacks as it pursues you!
The troll barely misses you. The troll closely misses you.
You block the troll's attack. The troll attacks as it pursues you!
You block the troll's attack.
The troll claws you but does no damage. x2
The troll attacks as it pursues you! The troll barely misses you.
The troll claws you but does no damage. The troll claws you.
The troll attacks as it pursues you! You block the troll's attack.
The troll closely misses you. The troll completely misses you.
The troll attacks as it pursues you! The troll bites you.
The troll barely misses you. The troll claws you but does no damage.
The troll attacks as it pursues you! The troll bites you but does no damage.
The troll claws you but does no damage. The troll claws you!
Okay, then.
You feel very mighty all of a sudden. The troll bites you but does no damage.
The troll claws you.
* * * LOW HITPOINT WARNING * * *
The troll barely misses you.
You sock the troll!
Your weapon exudes an aura of protection.
The troll is moderately wounded.
The troll bites you.
* * * LOW HITPOINT WARNING * * *
The troll barely misses you. The troll closely misses you.
You sock the troll!
The troll is severely wounded.
The troll bites you.
* * * LOW HITPOINT WARNING * * *
The troll closely misses you. The troll claws you but does no damage.
You closely miss the troll.
The troll is severely wounded.
The troll bites you but does no damage. The troll claws you!
* * * LOW HITPOINT WARNING * * *
The troll claws you but does no damage. The troll bites you.
You die...

..####..###..##...#
..##
#...###.##.#...#
#..###.#.#
#.##.###.....
##.##..#.###....#
##.#
##....##.#....### ##
.
###..###...##...##..
# #.## #..#####....#
# #.# ##.####...###
#.# #...#..#@# #.#
..#.#.##T###### #..
#.###...........#
#.# ..#
##.##.......# ..#
##.##.......# #.#
#..##.......#
#.###.###.......###
#.##..# #####.....#
#.#..## #...#.##


You could see a troll.

Vanquished Creatures
  A centaur warrior (D:9)
  A two-headed ogre (D:8)
  A kobold demonologist (D:8)
  3 yaks (D:8)
  A steam dragon (D:8)
  Menkaure (D:4)
  3 orc warriors
  A black bear (D:5)
  An ice beast (D:8)
  An ogre (D:5)
  A centaur (D:8)
  3 kobold brigands
  2 phantoms (D:5)
  3 bullfrogs
  4 scorpions
  9 wights
  13 killer bees
  A howler monkey (D:6)
  4 hounds
  2 gnoll boudas
  3 orc priests
  2 sleepcaps
  2 iguanas
  3 orc wizards
  13 gnolls
  9 adders
  3 white imps (D:6)
  2 ufetubi (D:5)
  2 worms
  2 dart slugs
  43 orcs
  12 endoplasms
  2 giant cockroaches
  7 goblins
  8 hobgoblins
  A jackal (D:1)
  7 quokkas
  8 ball pythons
  6 bats
  5 frilled lizards
  21 kobolds
  7 rats
224 creatures vanquished.

Notes
Turn   | Place    | Note
-------+----------+-------------------------------------------
     0 | D:1      | BinkBink the Gargoyle Fighter began the quest for the Orb.
     0 | D:1      | Reached XP level 1. HP: 14/14 MP: 1/1
   300 | D:1      | Reached XP level 2. HP: 16/19 MP: 2/2
   773 | D:2      | Reached XP level 3. HP: 20/23 MP: 3/3
   994 | D:2      | Found a faded altar of an unknown god.
  1327 | D:2      | Found Peunoun's Book Shoppe.
  1334 | D:2      | Reached XP level 4. HP: 23/29 MP: 4/4
  1446 | D:2      | Identified the +1 leather armour "Qiziqosaif" {rPois Int+3
                  | Dex+4}
  1633 | D:3      | Found a large runed translucent door.
  1633 | D:3      | Found a large runed translucent door.
  1832 | D:3      | Found an iron altar of Okawaru.
  1853 | D:3      | Became a worshipper of Warmaster Okawaru
  2064 | D:3      | Reached XP level 5. HP: 33/33 MP: 5/5
  2453 | D:3      | Found a bloodstained altar of Trog.
  2549 | D:3      | Noticed Nedwor's ghost (amateur OpFi)
  2778 | D:4      | Reached skill level 1 in Invocations
  2880 | D:4      | Reached XP level 6. HP: 18/39 MP: 6/6
  3214 | D:4      | Noticed Menkaure
  3224 | D:4      | Killed Menkaure
  3832 | D:5      | Entered Level 5 of the Dungeon
  3868 | D:5      | Reached skill level 5 in Fighting
  3868 | D:5      | Reached skill level 5 in Shields
  3868 | D:5      | Reached XP level 7. HP: 37/44 MP: 8/8
  3959 | D:5      | Reached * piety under Okawaru
  3960 | D:5      | Reached skill level 5 in Armour
  4228 | D:5      | Reached XP level 8. HP: 42/50 MP: 10/10
  4773 | D:6      | Reached ** piety under Okawaru
  5656 | D:7      | Found a staircase to the Ecumenical Temple.
  5673 | Temple   | Entered the Ecumenical Temple
  6511 | D:7      | Found a basalt altar of Yredelemnul.
  6821 | D:7      | Reached XP level 9. HP: 23/56 MP: 12/12
  6919 | D:8      | Reached skill level 5 in Axes
  6998 | D:8      | Reached skill level 5 in Invocations
  7257 | D:8      | Reached *** piety under Okawaru
  7883 | D:8      | Noticed a two-headed ogre
  7901 | D:8      | Killed a two-headed ogre
  7902 | D:8      | Reached XP level 10. HP: 33/64 MP: 14/14
  8014 | D:9      | Noticed a kobold demonologist
  8096 | D:8      | Reached **** piety under Okawaru
  8098 | D:8      | Noticed a rust devil
  8101 | D:8      | Noticed an orange demon
  8114 | D:8      | Killed a kobold demonologist
  8766 | D:9      | Noticed a centaur warrior
  8786 | D:9      | Killed a centaur warrior
  8786 | D:9      | Reached ***** piety under Okawaru
  8952 | D:9      | HP: 1/65 [troll (9)]
  8952 | D:9      | Slain by a troll

Illustrated notes

Levels and vault maps discovered:
D:1:      evilmike_arrival_home_sweet_home, layout_loops_ring, st_stairs_7
D:2:      cheibrodos_helix_gallery, layout_basic, serial_shops, shop,
          ebering_ecumenical_altar_hall, st_stairs_14, minmay_pentomino_q2
D:3:      layout_loops_ring, mainiacjoe_overflow_surrounded_room,
          lemuel_tele_altar, ebering_ghost_disaster_area, minmay_box_of_dots
D:4:      layout_layer_cave, minmay_quantized, uniq_menkaure
D:5:      nicolae_cairo_tiling_large, layout_cave_pools
D:6:      layout_basic
D:7:      layout_layer_cave, lemuel_coloured_pillars_altar,
          minmay_temple_entry_mini_moons, grunt_ministairs_1
D:8:      layout_basic
D:9:      layout_rooms, uniq_jeremiah
Temple:   compressed_dpeg_triangle_lava_temple

Skill      XL: |  1  2  3  4  5  6  7  8  9 10 |
---------------+-------------------------------+-----
Axes           | 2 3 4 6 |  6.7
Fighting       | 4 5 6 7 8 |  8.4
Shields        | 4 5 6 7 8 |  8.4
Armour         | 4 5 6 7 8 |  8.4
Invocations    | 1 2 3 4 6 7 |  7.2

Action                     |  1- 3 |  4- 6 |  7- 9 | 10-12 || total
---------------------------+-------+-------+-------+-------++-------
  Melee: War axe           |   120 |   127 |       |       ||   247
         Mace              |       |   128 |   659 |   270 ||  1057
    Use: Potion            |       |       |       |     1 ||     1
 Armour: Scale mail        |   126 |   212 |   153 |       ||   491
         Plate armour      |       |       |   687 |   468 ||  1155
  Dodge: Dodged            |    81 |   121 |   264 |   195 ||   661
  Block: Buckler           |    36 |    67 |   212 |   149 ||   464

Table legend: (Time is in decaauts)
 A = Elapsed time spent in this place.
 B = Non-inter-level travel time spent in this place.
 C = Inter-level travel time spent in this place.
 D = Time resting spent in this place.
 E = Time spent auto-exploring this place.
 F = Levels seen in this place.
 G = Mean time per level.
                   A        B        C        D        E       F      G
               +--------+--------+--------+--------+--------+-----+--------+
         Total |   9341 |   9054 |    287 |    736 |   5869 |  10 |  934.1 |
       Dungeon |   9331 |   9049 |    282 |    736 |   5869 |   9 | 1036.8 |
        Temple |      9 |      4 |      5 |      0 |      0 |   1 |    9.0 |
               +--------+--------+--------+--------+--------+-----+--------+

Top non-repeatable levels by time:
     D:8: 1607 daAuts
     D:4: 1309 daAuts
     D:7: 1301 daAuts
     D:2: 998 daAuts
     D:3: 973 daAuts
     D:6: 937 daAuts
     D:5: 870 daAuts
     D:1: 691 daAuts
     D:9: 644 daAuts
  Temple: 9 daAuts
